AoeStats
← Evan Mason

Highland

506991816Analyzed
4v4 RM · 17d ago on Sep 16, 2026· 25m 58s· 8 players
Game mode
Random Map
Map size
Large (8 player)
Population
200
Speed
Normal
Resources
Standard
Victory
Conquest
Starting age
Dark Age
Ending age
Imperial Age
RankedLock teamsTeams togetherTeam positionsShared explorationLock speedFull tech treeHidden civsTurbo modeCheats
Victory
Defeat
🇺🇸 Magyars · United States
965
+6
🇺🇸 Khmer · United States
844
+10
🇺🇸 Franks · United States
817
+11
🇺🇸 Britons · United States
802
+11
🇨🇦 Franks · Canada
775
-29
🇺🇸 Aztecs · United States
767
-11
🇧🇷 Bulgarians · Brazil
672
-8
🇨🇳 Malay · China
616
-7
mabelmastiff
13:48 Feudal Age
15:56 Man-at-Arms
19:33 Loom
MR WAR LORD1996
16:00 Feudal Age
19:50 Wheelbarrow
gilbertofriedman
6:08 Loom
12:12 Feudal Age
16:10 Double-Bit Axe
19:09 Stone Mining
Evan Mason
10:40 Feudal Age
10:27 Horse Collar
19:46 Castle Age
Diomedes 2775
12:23 Feudal Age
16:45 Castle Age
24:41 Double-Bit Axe
24:45 Loom
24:50 Horse Collar
25:23 Gold Mining
llConnachtll
3:48 Loom
11:41 Feudal Age
15:03 Forging
17:19 Double-Bit Axe
26:04 Castle Age
DAGRON
11:17 Feudal Age
11:41 Horse Collar
12:05 Double-Bit Axe
17:43 Wheelbarrow
23:42 Castle Age
22:14 Fletching
22:24 Padded Archer Armor
25:00 Bodkin Arrow
25:22 Leather Archer Armor
Sanguinius7193
0:35 Loom
3:18 Loom
10:50 Feudal Age
14:14 Wheelbarrow
14:21 Scale Barding Armor
15:45 Horse Collar
16:58 Double-Bit Axe
23:15 Castle Age
24:31 Light Cavalry
25:44 Chain Barding Armor
25:38 Bloodlines
Connection lost

Rejoining the realm…

Still unreachable

The connection could not be restored.

Session expired

The server has moved on; the page needs a fresh start.